[Event "December 5 Early 2023"]
[Site "https://www.chess.com"]
[Date "2023.12.05"]
[Round "1"]
[White "Chemin, Justo Reinaldo"]
[Black "Narva, Mai"]
[Result "0-1"]
[Board "204"]
[TimeControl "180+1"]
[WhiteFideId "2101580"]
[BlackFideId "4500512"]
[WhiteElo "2210"]
[BlackElo "2572"]
[WhiteTeam "BRA"]
[BlackTeam "EST"]
[WhiteClock "0:00:18"]
[BlackClock "0:00:23"]

1. d4 Nf6 2. c4 e6 3. Nf3 c5 4. d5 exd5 5. cxd5 d6 6. Nc3 g6 7. e4 Bg7 8. Bd3 O-O 9. O-O Re8 10. Re1 Nbd7 11. Bf4 Ne5 12. Nxe5 dxe5 13. Be3 Bf8 14. h3 a6 15. a4 Qc7 16. Qd2 Bd7 17. f4 Bd6 18. f5 c4 19. Bc2 b5 20. fxg6 hxg6 21. Bg5 Nh5 22. axb5 axb5 23. Ne2 b4 24. g4 Nf4 25. Bxf4 exf4 26. Rf1 Rxa1 27. Rxa1 f3 28. Nd4 Bc5 29. Rd1 Bxd4+ 30. Qxd4 Qg3+ 31. Kf1 Qg2+ 0-1

[Event "December 5 Early 2023"]
[Site "https://www.chess.com"]
[Date "2023.12.05"]
[Round "1"]
[White "Hjartarson, Johann"]
[Black "Rodriguez Avila, Alvaro"]
[Result "1-0"]
[Board "205"]
[TimeControl "180+1"]
[WhiteFideId "2300044"]
[BlackFideId "24570249"]
[WhiteElo "2571"]
[BlackElo "2209"]
[WhiteTeam "ISL"]
[BlackTeam "ESP"]
[WhiteClock "0:00:33"]
[BlackClock "0:00:00"]

1. c4 e5 2. g3 Nc6 3. Bg2 g6 4. Nc3 Bg7 5. e3 d6 6. Nge2 h5 7. h3 h4 8. g4 Nge7 9. d4 O-O 10. d5 Nb8 11. e4 f5 12. Bg5 Bf6 13. Bxf6 Rxf6 14. g5 Rf8 15. Qd2 f4 16. Bf3 a5 17. O-O-O Na6 18. Rhg1 Nc5 19. Kb1 a4 20. Bg4 Kg7 21. Nc1 f3 22. Nd3 Nxd3 23. Qxd3 Rf4 24. Bxc8 Qxc8 25. Rh1 Qd7 26. Rc1 b6 27. Nd1 Ra5 28. Ne3 Rc5 29. Ng4 Qd8 30. Rhg1 Ng8 31. Ne3 Qd7 32. Rg4 Rxg4 33. Nxg4 Qe7 34. Qe3 b5 35. cxb5 Rxc1+ 36. Qxc1 Qd7 37. Qc6 Qe7 38. b6 cxb6 39. Qxb6 Qxg5 40. Qxd6 Qd2 41. Qxe5+ Kh7 42. Qc7+ Kh8 43. Qc3+ Qxc3 44. bxc3 Kg7 45. e5 Kf7 46. c4 Ke7 47. Kc2 Kd7 48. Kc3 Ne7 49. Kb4 Nf5 50. c5 Ng3 51. e6+ Ke7 52. Ne5 Ne4 53. Nxf3 g5 54. Nd4 g4 55. d6+ 1-0

[Event "December 5 Early 2023"]
[Site "https://www.chess.com"]
[Date "2023.12.05"]
[Round "1"]
[White "Kurbonboeva, Sarvinoz"]
[Black "Glidzhain, Gor"]
[Result "0-1"]
[Board "206"]
[TimeControl "180+1"]
[WhiteFideId "14201780"]
[BlackFideId "24109932"]
[WhiteElo "2207"]
[BlackElo "2570"]
[WhiteTeam "UZB"]
[BlackTeam "RUS"]
[WhiteClock "0:00:00"]
[BlackClock "0:00:35"]

1. d4 Nf6 2. c4 c5 3. d5 b5 4. cxb5 a6 5. bxa6 Bxa6 6. Nc3 d6 7. g3 h5 8. Nf3 Nbd7 9. Rb1 g6 10. Bg2 Ng4 11. b3 Bg7 12. Bd2 Nge5 13. Qc2 Nxf3+ 14. Bxf3 h4 15. Ne4 Ne5 16. Bg2 h3 17. Bf1 Kf8 18. Ng5 Bc8 19. f4 Nd7 20. Bxh3 Nf6 21. Bg2 Bb7 22. Qd3 Rxa2 23. b4 Ba6 24. b5 Bb7 25. Qc4 Qa8 26. Bc3 Bxd5 0-1

[Event "December 5 Early 2023"]
[Site "https://www.chess.com"]
[Date "2023.12.05"]
[Round "1"]
[White "Sharapov, Evgeny"]
[Black "Mishra, Manoj"]
[Result "0-1"]
[Board "207"]
[TimeControl "180+1"]
[WhiteFideId "14103133"]
[BlackFideId "5006007"]
[WhiteElo "2568"]
[BlackElo "2207"]
[WhiteTeam "UKR"]
[BlackTeam "IND"]
[WhiteClock "0:01:00"]
[BlackClock "0:01:04"]

1. c4 c6 2. Nc3 d5 3. cxd5 cxd5 4. d4 Nf6 5. Nf3 a6 6. Bf4 Nc6 7. Rc1 Bf5 8. e3 e6 9. Qb3 Ra7 10. Be2 Bd6 11. Bxd6 Qxd6 12. O-O O-O 13. Na4 b5 14. Nc5 Na5 15. Qb4 Nc4 16. b3 a5 17. Qxb5 Rb8 18. Qa4 Rb4 19. bxc4 Rxa4 20. Nxa4 dxc4 21. Rxc4 h6 22. Rfc1 Qa3 23. Ne5 Qxa2 24. Bf3 Be4 25. Nc5 Bxf3 26. gxf3 Nd5 27. Nc6 Rc7 28. R1c2 Qb1+ 29. Rc1 Qg6+ 30. Kh1 Rxc6 0-1

[Event "December 5 Early 2023"]
[Site "https://www.chess.com"]
[Date "2023.12.05"]
[Round "1"]
[White "Zoete, Roelant"]
[Black "Viana Da Costa, Fernando"]
[Result "0-1"]
[Board "208"]
[TimeControl "180+1"]
[WhiteFideId "40103269"]
[BlackFideId "2111900"]
[WhiteElo "2205"]
[BlackElo "2568"]
[WhiteTeam "NED"]
[BlackTeam "BRA"]
[WhiteClock "0:00:43"]
[BlackClock "0:01:23"]

1. e4 c5 2. Nf3 Nc6 3. d4 cxd4 4. Nxd4 g6 5. c4 Nf6 6. Nc3 d6 7. Be3 Ng4 8. Nxc6 bxc6 9. Bd4 e5 10. Be3 Nxe3 11. fxe3 Bh6 12. Qf3 O-O 13. Be2 Be6 14. O-O Qg5 15. Rad1 Qxe3+ 16. Qxe3 Bxe3+ 17. Kh1 Rfd8 18. Rd3 Bd4 19. Bf3 Bxc4 20. Rfd1 Bxd3 21. Rxd3 Rab8 22. b3 Kg7 23. Ne2 c5 24. g3 a5 25. Kg2 Rb4 26. Nxd4 exd4 27. Bd1 d5 28. Kf3 dxe4+ 29. Kxe4 Kf6 30. Rf3+ Ke6 31. Kd3 a4 32. bxa4 c4+ 33. Kc2 f5 34. Rf2 Rxa4 35. Kb2 Rb8+ 36. Ka1 Rab4 37. Bc2 d3 38. Bxd3 cxd3 39. Rf1 Kd5 40. h4 d2 41. h5 Rb1+ 42. Rxb1 Rxb1+ 43. Kxb1 d1=Q+ 44. Kb2 Qf3 45. g4 Qxg4 46. hxg6 hxg6 47. a3 Qc4 48. a4 Qxa4 49. Kc3 Qc4+ 50. Kb2 Qd3 51. Ka2 Qc3 52. Kb1 Qd2 53. Ka1 Kc4 54. Kb1 Kb3 0-1

[Event "December 5 Early 2023"]
[Site "https://www.chess.com"]
[Date "2023.12.05"]
[Round "1"]
[White "Lund, Gunnar"]
[Black "Zainullina, Nataliya"]
[Result "1-0"]
[Board "209"]
[TimeControl "180+1"]
[WhiteFideId "1520814"]
[BlackFideId "4145488"]
[WhiteElo "2567"]
[BlackElo "2204"]
[WhiteTeam "NOR"]
[BlackTeam "RUS"]
[WhiteClock "0:01:52"]
[BlackClock "0:00:41"]

1. e4 e5 2. Nf3 Nf6 3. Nc3 Nc6 4. d4 exd4 5. Nxd4 Bb4 6. Nxc6 bxc6 7. Bd3 d5 8. exd5 cxd5 9. O-O O-O 10. h3 c6 11. Qf3 Rb8 12. Bf4 Bd6 13. b3 Bxf4 14. Qxf4 Be6 15. Na4 Qa5 16. Qd4 Nd7 17. Rfe1 c5 18. Qh4 Nf6 19. c4 d4 20. Re5 Rbc8 21. Bxh7+ Nxh7 22. Rh5 g5 23. Qe4 Nf6 24. Rxg5+ 1-0

[Event "December 5 Early 2023"]
[Site "https://www.chess.com"]
[Date "2023.12.05"]
[Round "1"]
[White "Palmer, Reegan"]
[Black "Taboas Rodriguez, Daniel"]
[Result "0-1"]
[Board "210"]
[TimeControl "180+1"]
[WhiteFideId "14322145"]
[BlackFideId "2208466"]
[WhiteElo "2204"]
[BlackElo "2566"]
[WhiteTeam "RSA"]
[BlackTeam "ESP"]
[WhiteClock "0:00:13"]
[BlackClock "0:00:52"]

1. e4 e5 2. Nf3 Nc6 3. Bb5 Nf6 4. O-O Nxe4 5. d4 Nd6 6. Bxc6 dxc6 7. dxe5 Nf5 8. Qxd8+ Kxd8 9. Nc3 Be7 10. h3 Nh4 11. Nxh4 Bxh4 12. Rd1+ Ke8 13. Bf4 Bf5 14. Rd2 Rd8 15. Rad1 h5 16. Ne2 Bxc2 17. Rxd8+ Bxd8 18. Rd2 Bf5 19. Nd4 Bd7 20. Re2 c5 21. Nb3 b6 22. Nd2 Bc6 23. e6 Bf6 24. b3 fxe6 25. Rxe6+ Kd7 26. Re1 a5 27. Nc4 a4 28. Rd1+ Kc8 29. Ne5 Bb5 30. g3 axb3 31. axb3 Rd8 32. Ra1 Kb7 33. Re1 Bc6 34. Nxc6 Kxc6 35. g4 hxg4 36. hxg4 Rd4 37. Bg3 Rxg4 38. Re3 Rb4 39. Kg2 c4 40. Re4 b5 41. bxc4 Rxc4 42. Re8 b4 43. Rc8 Kb7 44. Re8 b3 45. Re1 b2 46. Bf4 Rxf4 0-1

[Event "December 5 Early 2023"]
[Site "https://www.chess.com"]
[Date "2023.12.05"]
[Round "1"]
[White "Aydin, Gulenay"]
[Black "Cagara, Paulina"]
[Result "1-0"]
[Board "211"]
[TimeControl "180+1"]
[WhiteFideId "34557431"]
[BlackFideId "1124870"]
[WhiteElo "2563"]
[BlackElo "2203"]
[WhiteTeam "TUR"]
[BlackTeam "POL"]
[WhiteClock "0:00:15"]
[BlackClock "0:00:02"]

1. e4 c6 2. Nf3 d5 3. d3 Bg4 4. h3 Bh5 5. Bd2 e6 6. g4 Bg6 7. h4 h5 8. Ne5 Ne7 9. Nxg6 Nxg6 10. gxh5 Nxh4 11. Qg4 Be7 12. Nc3 Nd7 13. Be2 Ne5 14. Qxg7 Bf6 15. Qg3 Kd7 16. O-O-O Rg8 17. Qh3 Kc7 18. Bf4 Ng2 19. Bg3 Bg5+ 20. Kb1 Nf4 21. Qh2 Qf6 22. d4 Nc4 23. Bxc4 dxc4 24. Ne2 Rad8 25. Nxf4 Kc8 26. Ne2 Qf3 27. Nc3 b5 28. Rhe1 b4 29. Na4 b3 30. axb3 cxb3 31. Qh1 bxc2+ 32. Kxc2 Qf6 33. Qf1 Rxd4 34. Qa6+ Kd8 35. Rxd4+ Qxd4 36. Rd1 1-0

[Event "December 5 Early 2023"]
[Site "https://www.chess.com"]
[Date "2023.12.05"]
[Round "1"]
[White "Golubenko, Valentina"]
[Black "Stankovic, Boris"]
[Result "0-1"]
[Board "212"]
[TimeControl "180+1"]
[WhiteFideId "4501993"]
[BlackFideId "985317"]
[WhiteElo "2196"]
[BlackElo "2563"]
[WhiteTeam "CRO"]
[BlackTeam "SRB"]
[WhiteClock "0:00:12"]
[BlackClock "0:00:05"]

1. e4 c5 2. Nf3 g6 3. Bc4 Bg7 4. c3 e6 5. d4 cxd4 6. cxd4 Ne7 7. O-O O-O 8. Nc3 b6 9. Bf4 Bb7 10. Re1 d5 11. Bb3 dxe4 12. Nxe4 Nf5 13. Be5 Bd5 14. Rc1 Nc6 15. Bxd5 Qxd5 16. Nf6+ Bxf6 17. Bxf6 Rac8 18. Qd2 h6 19. Rc3 Kh7 20. g4 Ng7 21. Ne5 Qxd4 22. Qc1 Nxe5 23. Bxe5 Qxg4+ 24. Kh1 Rxc3 25. Qxc3 Nf5 26. Bf6 Nh4 27. h3 Qf3+ 28. Qxf3 Nxf3 29. Re3 Ng5 30. Rd3 Ne4 31. Be5 Nc5 32. Rd6 f6 33. Bg3 e5 34. Rc6 Rf7 35. Rc8 Kg7 36. f4 Ne4 37. Bh2 exf4 38. Bxf4 g5 39. Be3 Kg6 40. Kg2 Kf5 41. Kf3 Nd6 42. Rd8 Ke6 43. Rb8 Nc4 44. Rh8 Nxe3 45. Kxe3 Kf5 46. Rxh6 Rc7 47. h4 g4 48. Kd4 Rd7+ 49. Ke3 Rg7 50. Kf2 g3+ 51. Kg2 Ke5 52. Rh5+ f5 53. Rh6 Ke4 54. Rh8 f4 55. Re8+ Kf5 56. Rf8+ Kg4 57. Rg8 Rxg8 58. h5 f3+ 59. Kg1 Rc8 0-1

[Event "December 5 Early 2023"]
[Site "https://www.chess.com"]
[Date "2023.12.05"]
[Round "1"]
[White "Jeet, Jain"]
[Black "Osmonbekov, Talaibek"]
[Result "1-0"]
[Board "213"]
[TimeControl "180+1"]
[WhiteFideId "5073022"]
[BlackFideId "2017253"]
[WhiteElo "2563"]
[BlackElo "2192"]
[WhiteTeam "IND"]
[BlackTeam "USA"]
[WhiteClock "0:01:53"]
[BlackClock "0:00:00"]

1. Nf3 e6 2. g3 f5 3. Bg2 Nf6 4. O-O Be7 5. d3 d6 6. Nbd2 e5 7. e4 O-O 8. h3 Nc6 9. c3 Qe8 10. Re1 Qh5 11. Nh4 Qxd1 12. Rxd1 g6 13. Nhf3 fxe4 14. dxe4 Nh5 15. Kh2 Be6 16. Nf1 Rf7 17. Be3 Raf8 18. N3d2 Kg7 19. Nb3 a5 20. Nc1 b6 21. Nd2 a4 22. Nd3 h6 23. f4 exf4 24. gxf4 a3 25. b3 Bh4 26. Nf1 Na5 27. Bf3 Nf6 28. c4 Nh7 29. Bg4 Bxg4 30. hxg4 Bf6 31. Rab1 Bc3 32. Rbc1 Bb2 33. Nxb2 axb2 34. Rb1 Nf6 35. Kh3 Nxe4 36. Rxb2 Nb7 37. Re2 Nbc5 38. b4 Nc3 39. Bd4+ Kh7 40. Bxc3 Na4 41. Bd2 h5 42. gxh5 gxh5 43. Rde1 1-0

[Event "December 5 Early 2023"]
[Site "https://www.chess.com"]
[Date "2023.12.05"]
[Round "1"]
[White "Petrukhina, Olga"]
[Black "Sadovsky, Artem"]
[Result "1-0"]
[Board "214"]
[TimeControl "180+1"]
[WhiteFideId "13703935"]
[BlackFideId "4155840"]
[WhiteElo "2189"]
[BlackElo "2562"]
[WhiteTeam "KAZ"]
[BlackTeam "FID"]
[WhiteClock "0:01:37"]
[BlackClock "0:02:27"]

1. d4 g5 2. Bxg5 Bg7 3. c3 c5 4. e3 Qa5 5. Bf4 Nc6 6. Nd2 cxd4 7. exd4 e5 8. Nc4 Qd5 9. dxe5 Qe4+ 10. Be3 Bxe5 11. Nf3 Bc7 12. Nd6+ Bxd6 13. Qxd6 Nge7 14. Bd3 1-0

[Event "December 5 Early 2023"]
[Site "https://www.chess.com"]
[Date "2023.12.05"]
[Round "1"]
[White "Buksa, Nataliya"]
[Black "Wieczorek, Zbigniew"]
[Result "0-1"]
[Board "215"]
[TimeControl "180+1"]
[WhiteFideId "14123622"]
[BlackFideId "1102001"]
[WhiteElo "2562"]
[BlackElo "2185"]
[WhiteTeam "UKR"]
[BlackTeam "POL"]
[WhiteClock "0:00:10"]
[BlackClock "0:00:35"]

1. d4 d5 2. Nc3 c6 3. Bf4 g6 4. e3 Bg7 5. Nf3 Bg4 6. Be2 Bxf3 7. Bxf3 Nd7 8. h4 e5 9. dxe5 Nxe5 10. Bxe5 Bxe5 11. h5 Qf6 12. Qd2 O-O-O 13. O-O-O Ne7 14. Na4 b5 15. Qa5 bxa4 16. Qxa7 Bxb2+ 17. Kb1 Ba1 18. Rd4 Bxd4 19. exd4 Qd6 20. Ka1 Qb4 21. Rb1 Qc3+ 22. Rb2 Rde8 23. a3 Kd8 24. Ka2 Nc8 25. Qxa4 Qc4+ 26. Qxc4 dxc4 27. Rb7 Re7 28. Rb4 Rc7 29. h6 c5 30. Rxc4 cxd4 31. Rxd4+ Ke7 32. Re4+ Kf6 33. Rf4+ Kg5 34. Rg4+ Kf5 35. c4 Nd6 36. Rd4 Nxc4 37. g4+ Ke5 38. Re4+ Kd6 39. Rd4+ Ke7 40. Bd5 Nd6 41. Rd3 Rhc8 42. a4 Rc2+ 43. Kb3 Rc1 44. Re3+ Kf8 45. a5 Rb8+ 46. Ka2 Rc2+ 47. Ka3 Nb5+ 48. Kb3 Nd4+ 49. Ka3 Rc5 50. Ka4 Rxd5 51. Rd3 Ra8 52. Rc3 Raxa5+ 53. Kb4 Rdb5+ 54. Kc4 Rc5+ 55. Kxd4 Rxc3 56. Kxc3 Rg5 57. Kd4 Rxg4+ 58. Ke5 Rh4 59. Kf6 Rxh6 60. f4 Rh3 61. Kg5 Rf3 62. f5 Rxf5+ 63. Kh6 Rh5# 0-1

[Event "December 5 Early 2023"]
[Site "https://www.chess.com"]
[Date "2023.12.05"]
[Round "1"]
[White "Petersson, Kjell"]
[Black "Truskavetsky, Alexandr"]
[Result "0-1"]
[Board "216"]
[TimeControl "180+1"]
[WhiteFideId "1705148"]
[BlackFideId "14108577"]
[WhiteElo "2181"]
[BlackElo "2561"]
[WhiteTeam "SWE"]
[BlackTeam "RUS"]
[WhiteClock "0:00:00"]
[BlackClock "0:01:19"]

1. d4 Nf6 2. Bf4 g6 3. Nc3 d5 4. e3 c6 5. Be2 Bg7 6. h4 h5 7. Nf3 O-O 8. Ne5 Nfd7 9. g4 Nxe5 10. Bxe5 hxg4 11. Bxg4 Bxg4 12. Qxg4 Qd7 13. Qg3 Qf5 14. O-O-O Nd7 15. Bxg7 Kxg7 16. h5 Rh8 17. hxg6 fxg6 18. Ne2 Kf7 19. Nf4 Nf6 20. Rxh8 Rxh8 21. Rg1 Rg8 22. f3 e5 23. Nd3 exd4 24. Ne5+ Ke6 25. exd4 Nh5 26. Qe1 Kd6 27. Qb4+ Kc7 28. Qe7+ Kc8 29. Nxg6 Nf4 30. Rg5 Nxg6 31. Rxg6 Qxg6 32. b3 Qg5+ 0-1

[Event "December 5 Early 2023"]
[Site "https://www.chess.com"]
[Date "2023.12.05"]
[Round "1"]
[White "Malyi, Viacheslav"]
[Black "Onslow, Alfie"]
[Result "1-0"]
[Board "217"]
[TimeControl "180+1"]
[WhiteFideId "14123983"]
[BlackFideId "436976"]
[WhiteElo "2561"]
[BlackElo "2175"]
[WhiteTeam "UKR"]
[BlackTeam "ENG"]
[WhiteClock "0:00:13"]
[BlackClock "0:00:00"]

1. e4 c5 2. Nf3 Nc6 3. d4 cxd4 4. Nxd4 Qc7 5. Nc3 e6 6. Be2 a6 7. O-O Nf6 8. Be3 Bb4 9. Na4 Be7 10. Nxc6 bxc6 11. Nb6 Rb8 12. Nxc8 Qxc8 13. e5 Nd5 14. Bd4 c5 15. c4 Nf4 16. Bc3 Nxe2+ 17. Qxe2 O-O 18. Rad1 f5 19. Rd3 Qc6 20. Rfd1 Rb7 21. Qf3 Qc8 22. R1d2 Rf7 23. g3 Bg5 24. Rd1 Bh6 25. b3 g6 26. Rd6 Ra7 27. Ba5 Bf8 28. R6d3 Qb7 29. Qxb7 Rxb7 30. f4 h6 31. Kf2 g5 32. Kf3 g4+ 33. Kg2 h5 34. h4 gxh3+ 35. Kxh3 Kh7 36. Kg2 Kg6 37. Kf3 Rh7 38. Rh1 Be7 39. Be1 Bd8 40. Bf2 Be7 41. Rhd1 Bf8 42. R1d2 a5 43. Rd1 Ra7 44. a4 Rb7 45. Be1 Ra7 46. Bd2 Rf7 47. Be3 Rh7 48. Bf2 Rf7 49. Rh1 Rh7 50. Rh2 Be7 51. Be1 Bf8 52. Rhd2 Rf7 53. Kg2 Rh7 54. Kh3 Rf7 55. Rd1 Rh7 56. Bc3 Rf7 57. Bb2 Rh7 58. Ba3 Rf7 59. Kg2 Rh7 60. Kf3 Rg7 61. Rh1 Rh7 62. Bc1 Rb7 63. Bd2 Ra7 64. Be1 Rf7 65. Rd2 Rh7 66. Rdh2 Be7 67. Bc3 Bf8 68. Rb2 Be7 69. Rbb1 Bf8 70. Rhd1 Be7 71. Rd3 h4 72. g4 fxg4+ 73. Kxg4 Rg7 74. Rh1 Kh6+ 75. Kh3 Kh5 76. Bd2 Bf8 77. Rf1 d6 78. exd6 Rad7 79. f5 Rxd6 80. Rff3 Rxd3 81. Rxd3 exf5 82. Bxa5 Re7 83. Bd2 Bg7 84. a5 Bd4 85. b4 Ra7 86. b5 Rg7 87. a6 Rg6 88. a7 Rg8 89. b6 1-0

[Event "December 5 Early 2023"]
[Site "https://www.chess.com"]
[Date "2023.12.05"]
[Round "1"]
[White "Vila Dupla, Aurelio"]
[Black "Rogov, Matfey"]
[Result "0-1"]
[Board "218"]
[TimeControl "180+1"]
[WhiteFideId "2203383"]
[BlackFideId "44191308"]
[WhiteElo "2174"]
[BlackElo "2560"]
[WhiteTeam "ESP"]
[BlackTeam "RUS"]
[WhiteClock "0:00:00"]
[BlackClock "0:00:37"]

1. Nf3 d5 2. d4 Nf6 3. c4 e6 4. cxd5 exd5 5. Nc3 Bb4 6. Bg5 O-O 7. e3 h6 8. Bh4 g5 9. Bg3 Ne4 10. Qb3 c5 11. Nd2 Nxd2 12. Kxd2 Nc6 13. a3 Ba5 14. Qa4 cxd4 15. exd4 a6 16. b4 b5 17. Qb3 Bb6 18. Qxd5 Qf6 19. Ne4 Qxd4+ 20. Qxd4 Nxd4 21. Re1 f5 22. Nd6 f4 23. Bd3 fxg3 24. fxg3 Rf2+ 25. Kc3 Bf5 26. Nxf5 Nxf5 27. Re6 Rc8+ 0-1

[Event "December 5 Early 2023"]
[Site "https://www.chess.com"]
[Date "2023.12.05"]
[Round "1"]
[White "Teterev, Vitaly"]
[Black "Dimitrijevic, Darko"]
[Result "1-0"]
[Board "219"]
[TimeControl "180+1"]
[WhiteFideId "13501429"]
[BlackFideId "14500892"]
[WhiteElo "2560"]
[BlackElo "2170"]
[WhiteTeam "BLR"]
[BlackTeam "CRO"]
[WhiteClock "0:00:09"]
[BlackClock "0:00:00"]

1. e4 c5 2. Nf3 e6 3. g3 Nc6 4. Bg2 d5 5. exd5 exd5 6. O-O Nf6 7. d4 c4 8. b3 cxb3 9. axb3 Be7 10. Ne5 O-O 11. Re1 Bf5 12. c3 Re8 13. Nd2 Bd6 14. Nxc6 bxc6 15. Rxe8+ Qxe8 16. Ba3 Qf8 17. Bxd6 Qxd6 18. b4 Bd3 19. Nb3 Bb5 20. Nc5 Nd7 21. Qe1 Nxc5 22. dxc5 Qe6 23. h4 h6 24. Qd2 Qf6 25. Qe3 Kf8 26. Re1 Kg8 27. Bh3 a5 28. bxa5 Rxa5 29. Qe8+ Kh7 30. Qd7 g6 31. h5 gxh5 32. Qd6 Qf3 33. Bg2 Qf5 34. Re5 Ra1+ 35. Kh2 Qxf2 36. Rxh5 Qe3 37. Rf5 Kg7 38. Qf6+ Kg8 39. Qxf7+ Kh8 40. Qf8+ Kh7 41. Rf7+ Kg6 42. Qg7+ Kh5 43. Rf5+ 1-0

[Event "December 5 Early 2023"]
[Site "https://www.chess.com"]
[Date "2023.12.05"]
[Round "1"]
[White "Michalski, Olaf"]
[Black "Dyachuk, Artem"]
[Result "0-1"]
[Board "220"]
[TimeControl "180+1"]
[WhiteFideId "1106740"]
[BlackFideId "34107924"]
[WhiteElo "2163"]
[BlackElo "2558"]
[WhiteTeam "POL"]
[BlackTeam "UKR"]
[WhiteClock "0:00:02"]
[BlackClock "0:00:15"]

1. d4 d5 2. c4 c6 3. cxd5 cxd5 4. Nc3 Nc6 5. e4 e6 6. e5 Bb4 7. Qg4 Nge7 8. Nf3 Nf5 9. Bd3 h5 10. Qf4 g6 11. Bxf5 gxf5 12. O-O Bxc3 13. bxc3 b6 14. Ba3 Ba6 15. Rfe1 Qd7 16. Qg5 Na5 17. Bb4 Nc4 18. Qf6 Rg8 19. Ng5 Bb7 20. a4 a5 21. Bd6 Rc8 22. Qh6 Rc6 23. Nh7 Kd8 24. Nf6 Qc8 25. Nxg8 Nxd6 26. exd6 Rxd6 27. Qf8+ Kc7 28. Qxf7+ Kb8 29. Ne7 Qc7 30. Rxe6 Qxc3 31. Rae1 Ka7 32. Nxf5 Rc6 33. Rxc6 Qxe1# 0-1

[Event "December 5 Early 2023"]
[Site "https://www.chess.com"]
[Date "2023.12.05"]
[Round "1"]
[White "Durucay, Uygar"]
[Black "pauliukevicius"]
[Result "1-0"]
[Board "221"]
[TimeControl "180+1"]
[WhiteFideId "44591560"]
[WhiteElo "2556"]
[BlackElo "2157"]
[WhiteTeam "TUR"]
[WhiteClock "0:01:49"]
[BlackClock "0:00:14"]

1. d4 Nf6 2. Nf3 e6 3. Bg5 d5 4. Nbd2 c5 5. e3 Nc6 6. c3 h6 7. Bh4 Bd6 8. Bd3 O-O 9. O-O Ne7 10. e4 dxe4 11. Nxe4 Nxe4 12. Bxe4 cxd4 13. Qxd4 Qc7 14. Rad1 Bf4 15. Bb1 Ng6 16. Bxg6 fxg6 17. Rfe1 g5 18. Bg3 Bxg3 19. hxg3 b6 20. Qe4 Bb7 21. Qxe6+ Kh8 22. Ne5 Kh7 23. Rd7 Rf6 24. Qxf6 Qc6 25. Qxg7# 1-0

[Event "December 5 Early 2023"]
[Site "https://www.chess.com"]
[Date "2023.12.05"]
[Round "1"]
[White "Pertinez Soria, Juan Luis"]
[Black "Iskusnyh, Sergei"]
[Result "0-1"]
[Board "222"]
[TimeControl "180+1"]
[WhiteFideId "2225620"]
[BlackFideId "4120027"]
[WhiteElo "2155"]
[BlackElo "2555"]
[WhiteTeam "ESP"]
[BlackTeam "RUS"]
[WhiteClock "0:00:10"]
[BlackClock "0:00:22"]

1. e4 e6 2. d4 d5 3. Nd2 c5 4. Ngf3 cxd4 5. exd5 Qxd5 6. Bc4 Qd6 7. O-O Nf6 8. Re1 Nc6 9. Nb3 Be7 10. Nbxd4 Nxd4 11. Nxd4 O-O 12. Bb3 Bd7 13. c3 a5 14. a4 Qb6 15. Bc2 Rad8 16. Qf3 Bc6 17. Qh3 Bd5 18. Bg5 g6 19. b3 Qc7 20. Rac1 Nh5 21. Bxe7 Qxe7 22. Rcd1 Nf4 23. Qg3 Qf6 24. f3 h5 25. c4 Bc6 26. Qf2 Qg5 27. Ne2 Nh3+ 28. Kf1 Nxf2 29. Kxf2 Qc5+ 30. Kf1 Rxd1 31. Rxd1 Qb6 32. Nd4 Rd8 33. Nb5 Rxd1+ 34. Bxd1 Bxb5 35. axb5 Qd4 36. Ke2 Qb2+ 37. Kd3 Qxg2 38. Bc2 Qxh2 39. Kd4 h4 40. Be4 Qf2+ 41. Ke5 h3 42. c5 h2 43. c6 Qc5+ 44. Kf4 bxc6 45. bxc6 h1=Q 46. c7 Qh2+ 0-1

[Event "December 5 Early 2023"]
[Site "https://www.chess.com"]
[Date "2023.12.05"]
[Round "1"]
[White "Osmak, Yuliia"]
[Black "Travadon, Loic"]
[Result "0-1"]
[Board "223"]
[TimeControl "180+1"]
[WhiteFideId "14101602"]
[BlackFideId "26092131"]
[WhiteElo "2555"]
[BlackElo "2152"]
[WhiteTeam "UKR"]
[BlackTeam "FRA"]
[WhiteClock "0:00:00"]
[BlackClock "0:00:49"]

1. e4 e5 2. Nf3 Nc6 3. Nc3 Nf6 4. Bb5 Bd6 5. O-O O-O 6. a3 Re8 7. Re1 Bf8 8. d3 d6 9. Bg5 h6 10. Bh4 a6 11. Ba4 Bg4 12. h3 Bh5 13. g4 Bg6 14. Nd5 Be7 15. Nxe7+ Qxe7 16. Bxc6 bxc6 17. Qd2 Qe6 18. Bg3 h5 19. g5 Nh7 20. Kh2 f6 21. gxf6 gxf6 22. Nh4 Kg7 23. Rg1 Ng5 24. Kh1 Qxh3+ 25. Bh2 Qxh4 26. Rg3 Kh6 27. Rag1 Bf7 28. f4 exf4 29. R3g2 f3 30. Rxg5 fxg5 31. Rxg5 Qxg5 32. Bf4 Rg8 33. Bxg5+ Rxg5 34. Qf4 Be6 35. Qf6+ Rg6 36. Qxf3 Rag8 37. Qf4+ Rg5 38. Qf6+ R8g6 39. Qf8+ Rg7 40. Qf6+ R5g6 41. Qf4+ Kh7 42. Qf3 c5 43. Kh2 Rg2+ 44. Qxg2 Rxg2+ 45. Kxg2 Ba2 46. Kg3 Bb1 0-1

[Event "December 5 Early 2023"]
[Site "https://www.chess.com"]
[Date "2023.12.05"]
[Round "1"]
[White "Osiecki, Stanislaw"]
[Black "Waldhausen Gordon, Frederick"]
[Result "0-1"]
[Board "224"]
[TimeControl "180+1"]
[WhiteFideId "1102990"]
[BlackFideId "2409143"]
[WhiteElo "2136"]
[BlackElo "2554"]
[WhiteTeam "POL"]
[BlackTeam "SCO"]
[WhiteClock "0:00:00"]
[BlackClock "0:00:43"]

1. e4 c5 2. c3 Nf6 3. e5 Nd5 4. d4 cxd4 5. Nf3 Nc6 6. cxd4 d6 7. Bc4 Nb6 8. Bb5 Bd7 9. Nc3 e6 10. O-O Be7 11. Bf4 d5 12. Bd3 Nb4 13. Bb1 g5 14. Bg3 h5 15. h3 h4 16. Bh2 Nc4 17. a3 Qa5 18. b3 Nxa3 19. Qc1 Na6 20. Bd3 Rc8 21. Qb2 Qxc3 22. Qxc3 Rxc3 23. Ne1 Rxb3 24. Bxa6 bxa6 25. Nf3 Nc4 26. Rxa6 Rb7 27. Rfa1 O-O 28. Rxa7 Rfb8 29. Rxb7 Rxb7 30. g3 Na3 31. gxh4 gxh4 32. Ra2 Nc4 33. Bf4 Kg7 34. Kg2 Kg6 35. Ne1 Bb5 36. Nd3 Ne3+ 37. Bxe3 Bxd3 38. Rd2 Bc4 39. Kf3 Kf5 40. Rd1 Bg5 41. Rg1 Bxe3 42. fxe3 Bd3 43. Rg4 Rb2 0-1

[Event "December 5 Early 2023"]
[Site "https://www.chess.com"]
[Date "2023.12.05"]
[Round "1"]
[White "Jaskolka, Tomasz"]
[Black "Vorons, Uldis"]
[Result "1/2-1/2"]
[Board "225"]
[TimeControl "180+1"]
[WhiteFideId "1170791"]
[BlackFideId "11611758"]
[WhiteElo "2554"]
[BlackElo "2135"]
[WhiteTeam "POL"]
[BlackTeam "LAT"]
[WhiteClock "0:00:04"]
[BlackClock "0:00:04"]

1. d4 d5 2. Nc3 Nf6 3. Bf4 a6 4. e3 c5 5. Nf3 Nc6 6. a3 cxd4 7. exd4 Bg4 8. Be2 Qb6 9. Na4 Qa5+ 10. c3 e6 11. b4 Qd8 12. O-O Bd6 13. Ne5 Bxe2 14. Qxe2 O-O 15. Nxc6 bxc6 16. Bxd6 Qxd6 17. Nc5 Rfe8 18. a4 e5 19. dxe5 Rxe5 20. Qd3 Ng4 21. Qg3 h5 22. Rae1 Rae8 23. Rxe5 Rxe5 24. Nxa6 Qf6 25. Nc5 Re2 26. a5 Ra2 27. h3 Ne5 28. Re1 h4 29. Qe3 g6 30. Re2 Ra1+ 31. Kh2 Nc4 32. Qf3 Qd6+ 33. g3 Ne5 34. Qf4 hxg3+ 35. fxg3 f6 36. Nd3 g5 37. Qe3 Nxd3 38. Qxd3 Kg7 39. Qe3 Kh6 40. Qf3 Kg6 41. Rf2 Qe6 42. Qd3+ f5 43. Re2 Qd6 44. Qe3 f4 45. Qe6+ Qxe6 46. Rxe6+ Kf5 47. Rxc6 f3 48. g4+ Kf4 49. Rf6+ Ke3 50. a6 f2 51. b5 f1=Q 52. Rxf1 Rxf1 53. a7 Ra1 54. b6 Kf2 55. b7 Rg1 56. h4 Rg2+ 57. Kh1 Rg1+ 58. Kh2 Rg2+ 59. Kh3 Rg3+ 60. Kh2 Rg2+ 1/2-1/2